 Dungeon Crawl Stone Soup version 0.27-a0-1529-g1e82c303ef (webtiles) character file.

Game seed: 3782218163508428957

13202 HoaS the Cruncher (level 12, -2/77 HPs)
             Began as a Gargoyle Gladiator on July 11, 2021.
             Was an Elder of Okawaru.
             Slain by a blink frog (13 damage)
             ... on level 2 of the Lair of Beasts.
             The game lasted 00:23:06 (11539 turns).

HoaS the Cruncher (Gargoyle Gladiator)             Turns: 11539, Time: 00:23:07

Health: -2/77      AC: 26    Str: 20    XL:     12   Next: 3%
Magic:  14/14      EV:  8    Int: 10    God:    Okawaru [****..]
Gold:   814        SH:  0    Dex: 13    Spells: 11/11 levels left

rFire    . . .     SeeInvis .   w - +2 quarterstaff (freeze)
rCold    . . .     Faith    .   (shield currently unavailable)
rNeg     + . .     Spirit   .   j - +0 plate armour
rPois    ∞         Reflect  .   c - +1 helmet
rElec    +         Harm     .   i - +0 cloak
rCorr    .         Rampage  .   a - +0 pair of gloves
Will     .....                  (no boots)
Stlth    ..........             (no amulet)
HPRegen  0.22/turn              (no ring)
MPRegen  0.14/turn              (no ring)

@: no status effects
A: sickness immunity, AC +8, negative energy resistance 1, electricity
resistance, torment resistance 1, petrification resistance
a: Renounce Religion, Heroism


You were on level 2 of the Lair of Beasts.
You worshipped Okawaru.
Okawaru was greatly pleased with you.
You visited 3 branches of the dungeon, and saw 12 of its levels.
You also visited: Ossuary and Bailey.

You collected 814 gold pieces.

Inventory:

Hand Weapons
 q - a +0 shortbow
 w - a +2 quarterstaff of freezing (weapon)
Missiles
 b - 92 arrows
 d - 2 throwing nets (quivered)
 e - 36 boomerangs
 r - 32 poisoned darts
Armour
 a - a +0 pair of gloves (worn)
 c - a +1 helmet (worn)
 i - a +0 cloak (worn)
 j - a +0 plate armour (worn)
Wands
 h - a wand of flame (49)
 o - a wand of iceblast (14)
 A - a wand of charming (5)
Scrolls
 g - 6 scrolls of fear
 m - a scroll of teleportation
 s - 4 scrolls of magic mapping
 z - a scroll of silence
Potions
 f - 3 potions of invisibility
 k - 6 potions of attraction
 l - 2 potions of flight {unknown}
 n - 4 potions of heal wounds
 p - 6 potions of lignification
 t - 6 potions of curing
 u - 2 potions of cancellation {unknown}
 v - a potion of might
 x - a potion of experience {unknown}
 y - a potion of haste {unknown}


   Skills:
 * Level 9.6 Fighting
 - Level 14.0 Staves
 - Level 2.0 Bows
 - Level 1.7 Throwing
 + Level 6.5 Armour
 + Level 5.6 Dodging
 - Level 3.0 Invocations


You had 11 spell levels left.
You didn't know any spells.
Your spell library contained the following spells:

 Spells                   Type           Power      Damage    Failure   Level
 Magic Dart               Conj           0%         1d3       100%        1
 Summon Small Mammal      Summ           0%         N/A       100%        1
 Call Imp                 Summ           0%         N/A       100%        2
 Slow                     Hex            0%         N/A       100%        2
 Call Canine Familiar     Summ           0%         N/A       100%        3
 Confusing Touch          Hex            0%         N/A       100%        3
 Inner Flame              Hex/Fire       0%         N/A       100%        3
 Mephitic Cloud           Conj/Pois/Air  0%         N/A       100%        3
 Summon Guardian Golem    Hex/Summ       0%         N/A       100%        3
 Cause Fear               Hex            0%         N/A       100%        4
 Petrify                  Tmut/Erth      0%         N/A       100%        4
 Irradiate                Conj/Tmut      0%         3d14      100%        5
 Iskenderun's Battlesphe  Conj           0%         2d6       100%        5
 Yara's Violent Unravell  Hex/Tmut       0%         3d3       100%        5
 Iron Shot                Conj/Erth      0%         9d1       100%        6
 Spellforged Servitor     Conj/Summ      0%         N/A       100%        7
 Discord                  Hex            0%         N/A       100%        8
 Sublimation of Blood     Necr           Unusable   N/A       N/A         2

Dungeon Overview and Level Annotations

Branches:
Dungeon (9/15)             Temple (1/1) D:4            Lair (2/6) D:8
Ossuary (visited)          Bailey (visited)
  Swamp: Lair:2-4    Shoals: Lair:2-4     Snake: Lair:2-4    Spider: Lair:2-4
    Orc: D:9-12

Altars:
Ashenzari
Cheibriados
Dithmenos
Elyvilon
Fedhas
Gozag
Hepliaklqana
Kikubaaqudgha
Makhleb
Nemelex Xobeh
Okawaru
Qazlal
Ru
Sif Muna
Trog
Uskayaw
Vehumet
Wu Jian
Xom
Yredelemnul
Zin
The Shining One

Shops:
D:3 :*

Annotations:
D:3 3 runed translucent doors, totalnoob's ghost, amateur FoAM


Innate Abilities, Weirdness & Mutations

You are immune to sickness and miasma.
Your stone body is resilient. (AC +8)
You are immune to poison.
You resist negative energy. (rN+)
You are resistant to electric shocks. (rElec)
You are resistant to unholy torment.
You are immune to petrification.


Message History

You hit the komodo dragon. You freeze the komodo dragon.
The komodo dragon is lightly wounded.
The blink frog blinks!
The komodo dragon bites you but does no damage.
The blink frog blinks! x2
The blink frog blinks! x2
The blink frog hits you. The blink frog hits you. x2
The blink frog hits you! The blink frog barely misses you.
You see here a scroll of blinking.
The blink frog blinks!
The blink frog enters a dispersal trap!
The blink frog blinks!
The komodo dragon blinks! x2; The blink frog blinks!
You blink.
The blink frog blinks!
The blink frog blinks!
The blink frog blinks!
The blink frog barely misses you.
The blink frog hits you but does no damage.
The komodo dragon bites you.
The blink frog blinks!
The blink frog hits you.
The blink frog blinks!
The blink frog blinks!
The blink frog barely misses you.
You barely miss the blink frog.
The blink frog blinks!
The blink frog hits you but does no damage.
You sock the blink frog! You freeze the blink frog.
The blink frog is moderately wounded.
A water moccasin comes into view.
The water moccasin hisses angrily.
You thump the blink frog!
The blink frog seems to slow down.
You freeze the blink frog.
The blink frog is heavily wounded.
The blink frog closely misses you.
The komodo dragon hisses menacingly.
The komodo dragon bites you!
* * * LOW HITPOINT WARNING * * *
You bludgeon the blink frog!! You freeze the blink frog!
You kill the blink frog!
Okawaru accepts your kill. The blink frog completely misses you.
The blink frog hits you!
You die...

†...........
.....###..###..........#
#...P# ### #..........#
.....###### #..........#
P...P##.#.###..........#
........................
........................
...............FF......#
...............l@......#
.....^.........§<......#
.....?..................
........................
.....................S..
........................
..........>.............
####.$.###..............
#!....# ##............


You could see a komodo dragon, 2 blink frogs and a water moccasin.

Vanquished Creatures
  A hydra (Lair:2)
  Erica (D:8)
  2 two-headed ogres
  A cyclops (D:7)
  4 cane toads
  2 komodo dragons
  A rime drake (Lair:2)
  Prince Ribbit (D:5)
  7 blink frogs
  2 shadows (D:9)
  13 yaks
  Eustachio (D:6)
  A basilisk (Lair:1)
  5 water moccasins
  4 orc warriors
  2 sky beasts
  A hornet zombie (D:9)
  4 black bears
  A necrophage (D:7)
  2 ogres
  2 centaurs (D:9)
  9 bullfrogs
  A gnoll sergeant (D:9)
  A wyvern zombie (D:9)
  A water moccasin zombie (D:5)
  A scorpion (D:8)
  A water moccasin skeleton (D:5)
  5 wights (D:9)
  10 killer bees
  3 howler monkeys (D:9)
  An electric eel (Lair:2)
  4 centaur zombies (D:9)
  3 hounds
  2 jellies
  Crazy Yiuf (D:2)
  A centaur skeleton (D:4)
  A gnoll shaman (D:6)
  A bullfrog skeleton (D:6)
  An iguana (D:5)
  4 orc wizards
  A killer bee zombie (D:9)
  A hound skeleton (D:4)
  9 mummies
  4 howler monkey zombies
  16 gnolls
  10 adders
  2 white imps (D:7)
  An ufetubus (D:5)
  2 adder zombies (D:2)
  An adder skeleton (D:4)
  A worm (D:3)
  2 dart slugs
  9 orcs
  13 ball pythons
  3 bat zombies (D:2)
  4 endoplasms
  4 giant cockroaches
  9 goblins
  6 hobgoblins
  5 quokkas
  A ball python zombie (D:2)
  8 bats
  3 frilled lizards
  A goblin zombie (D:6)
  4 hobgoblin zombies (Ossuary)
  4 kobolds
  2 kobold zombies (Ossuary)
  2 orc zombies (Ossuary)
  A quokka zombie (D:6)
  5 rats
243 creatures vanquished.

Vanquished Creatures (others)
  40 fungi
  50 plants
  2 withered plants (D:2)
92 creatures vanquished.

Grand Total: 335 creatures vanquished

Notes
Turn   | Place    | Note
-------+----------+-------------------------------------------
     0 | D:1      | HoaS the Gargoyle Gladiator began the quest for the Orb.
     0 | D:1      | Reached XP level 1. HP: 12/12 MP: 1/1
   169 | D:1      | Reached XP level 2. HP: 17/17 MP: 2/2
   511 | D:1      | Reached skill level 4 in Staves
   616 | D:1      | Reached XP level 3. HP: 19/21 MP: 3/3
  1470 | D:2      | Found a runed translucent door.
  1471 | D:2      | Noticed Crazy Yiuf
  1654 | D:2      | Killed Crazy Yiuf
  1655 | D:2      | Reached skill level 5 in Staves
  1655 | D:2      | Reached XP level 4. HP: 26/26 MP: 4/4
  1720 | D:3      | Noticed a bullfrog
  1726 | D:3      | Killed a bullfrog
  1727 | D:3      | Reached XP level 5. HP: 30/30 MP: 5/5
  1816 | D:3      | Found Zin's Purification Station.
  1817 | D:3      | Found a glowing silver altar of Zin.
  1938 | D:3      | Found a runed translucent gate.
  1938 | D:3      | Found a runed translucent gate.
  1938 | D:3      | Found a runed translucent gate.
  1939 | D:3      | Noticed totalnoob's ghost (amateur FoAM)
  1955 | D:3      | Found Biloiffa's Book Shop.
  2192 | D:3      | Reached skill level 6 in Staves
  2434 | D:4      | Found a staircase to the Ecumenical Temple.
  2449 | Temple   | Entered the Ecumenical Temple
  2740 | D:4      | Reached XP level 6. HP: 35/35 MP: 6/6
  2819 | D:4      | Reached skill level 7 in Staves
  2892 | D:4      | Found a sparkling altar of Nemelex Xobeh.
  2973 | D:4      | Noticed a water moccasin
  2988 | D:4      | Killed a water moccasin
  2989 | D:4      | Reached XP level 7. HP: 27/40 MP: 7/7
  3262 | D:4      | Reached skill level 8 in Staves
  3391 | D:5      | Entered Level 5 of the Dungeon
  3416 | D:5      | Found an ornate altar of the Wu Jian Council.
  3649 | D:5      | Noticed Prince Ribbit
  3658 | D:5      | Killed Prince Ribbit
  3659 | D:5      | Reached skill level 9 in Staves
  3659 | D:5      | Reached XP level 8. HP: 26/44 MP: 8/8
  3920 | D:5      | Found a shadowy altar of Dithmenos.
  4326 | D:6      | Reached skill level 10 in Staves
  4333 | D:6      | Noticed Eustachio
  4342 | D:6      | Killed Eustachio
  4667 | D:6      | Reached skill level 11 in Staves
  4811 | D:6      | Reached XP level 9. HP: 42/48 MP: 9/9
  4921 | D:6      | Found a sand-covered staircase.
  4929 | Ossuary  | Entered an ossuary
  5929 | D:7      | Found a snail-covered altar of Cheibriados.
  5988 | D:7      | Noticed a cyclops
  6002 | D:7      | Killed a cyclops
  6003 | D:7      | Reached skill level 12 in Staves
  6131 | D:7      | Noticed a two-headed ogre
  6138 | D:7      | Killed a two-headed ogre
  6139 | D:7      | Reached skill level 13 in Staves
  6228 | D:7      | Found a hazy altar of Hepliaklqana.
  6407 | D:8      | Noticed a two-headed ogre
  6457 | D:8      | Found a flagged portal.
  6460 | D:8      | Noticed Erica
  6478 | D:8      | Killed Erica
  6479 | D:8      | Reached skill level 14 in Staves
  6479 | D:8      | Reached XP level 10. HP: 44/53 MP: 10/10
  6516 | Bailey   | Entered a bailey
  6586 | Bailey   | Reached skill level 1 in Armour
  6955 | D:8      | Found an iron altar of Okawaru.
  6966 | D:8      | Became a worshipper of Warmaster Okawaru
  7086 | D:7      | Reached skill level 1 in Invocations
  7329 | D:8      | Killed a two-headed ogre
  7613 | D:8      | Reached skill level 5 in Fighting
  7629 | D:8      | Reached * piety under Okawaru
  7735 | D:8      | Found a staircase to the Lair.
  8037 | D:9      | Reached XP level 11. HP: 30/64 MP: 13/13
  8218 | D:9      | Reached skill level 1 in Bows
  8471 | D:9      | Reached ** piety under Okawaru
  8610 | D:9      | Found a stormy altar of Qazlal.
  8955 | D:9      | Found a basalt altar of Yredelemnul.
  9215 | Lair:1   | Entered Level 1 of the Lair of Beasts
  9881 | Lair:1   | Reached skill level 5 in Armour
 10081 | Lair:1   | Reached *** piety under Okawaru
 10081 | Lair:1   | Received a gift from Okawaru
 10216 | Lair:1   | Reached skill level 5 in Dodging
 11289 | Lair:1   | Reached **** piety under Okawaru
 11480 | Lair:2   | Noticed a seven-headed hydra
 11496 | Lair:2   | Killed a seven-headed hydra
 11497 | Lair:2   | Reached XP level 12. HP: 77/77 MP: 11/14
 11539 | Lair:2   | Slain by a blink frog

Illustrated notes

Levels and vault maps discovered:
D:1:      mrwooster_arrival_statue, layout_loops_cross, chequers_garden,
          minmay_shallow_snake_nest
D:2:      layout_loops_ring, serial_undead, serial_undead_f, serial_undead_e,
          serial_undead_b, serial_undead_d, serial_undead_b, serial_undead_d,
          serial_undead_b, grunt_decor_resistance, minmay_stone_trees_small,
          uniq_crazy_yiuf_cottage
D:3:      layout_loops_ring, zin_purify, ebering_ghost_rock_garden,
          serial_shops, shop
D:4:      black_bear_nest_2, layout_rooms, nemelex_xobeh_ov_fountains_minmay,
          minmay_temple_entry_ruins, abandoned_shop, kennysheep_generic_room_6
D:5:      layout_basic, overflow_temple_1_default,
          nicolae_dithmenos_the_darkroom, saegor_snake_ambush,
          uniq_prince_ribbit1
D:6:      minmay_recursive_quarters, layout_loops_cross, enter_ossuary_4,
          uniq_eustachio
D:7:      layout_rooms, chei_slow_surprise, nzn_hepliaklqana_mist_gate
D:8:      layout_basic, mainiacjoe_overflow_six_doors_small,
          due_lair_maze_entry_diamond, lightli_bailey_entry_fortress, uniq_erica
D:9:      layout_roguey, nicolae_yredelemnul_corpse_copse, marbit_many_paths
Temple:   nicolae_temple_god_jail
Lair:1:   layout_roguey
Lair:2:   layout_gridlike, nicolae_swamp_entry_splash_gauntlet, minivault_24,
          minivault_23

Skill      XL: |  1  2  3  4  5  6  7  8  9 10 11 |
---------------+----------------------------------+-----
Staves         | 4 5 6 7 9 11 14 | 14.0
Fighting       | 6 9 |  9.6
Armour         | 3 6 |  6.5
Dodging        | 3 5 |  5.6
Invocations    | 3 |  3.0
Bows           | 2 |  2.0
Throwing       | |  1.7

Action                   |  1- 3 |  4- 6 |  7- 9 | 10-12 || total
-------------------------+-------+-------+-------+-------++-------
Melee: Quarterstaff      |   108 |   104 |   284 |   598 ||  1094
Throw: Throwing net      |     2 |     3 |     5 |     2 ||    12
       Boomerang         |       |     1 |     3 |     2 ||     6
Invok: Heroism           |       |       |       |     1 ||     1
Evoke: Wand              |       |       |     5 |       ||     5
  Use: Scroll            |     7 |     3 |     8 |     3 ||    21
       Potion            |       |     1 |     2 |     1 ||     4
 Stab: Held in net/web   |       |       |     7 |     3 ||    10
       Invisible         |       |       |     2 |       ||     2
Armor: Leather armour    |     9 |       |       |       ||     9
       Plate armour      |    86 |    66 |   126 |   326 ||   604
Dodge: Dodged            |    43 |    27 |    66 |   145 ||   281

Table legend: (Time is in decaauts)
 A = Elapsed time spent in this place.
 B = Non-inter-level travel time spent in this place.
 C = Inter-level travel time spent in this place.
 D = Time resting spent in this place.
 E = Time spent auto-exploring this place.
 F = Levels seen in this place.
 G = Mean time per level.
                   A        B        C        D        E       F      G
               +--------+--------+--------+--------+--------+-----+--------+
         Total |  11266 |  10900 |    366 |   3656 |   5322 |  14 |  804.7 |
       Dungeon |   8690 |   8370 |    320 |   2262 |   4694 |   9 |  965.6 |
        Temple |     79 |     79 |      0 |      0 |     57 |   1 |   79.0 |
          Lair |   1783 |   1738 |     45 |    953 |    462 |   2 |  891.5 |
       Ossuary |    646 |    646 |      0 |    408 |    109 |   1 |  646.0 |
        Bailey |     65 |     65 |      0 |     33 |      0 |   1 |   65.0 |
               +--------+--------+--------+--------+--------+-----+--------+

Top non-repeatable levels by time:
     D:8: 1560 daAuts
  Lair:1: 1402 daAuts
     D:9: 1207 daAuts
     D:2: 961 daAuts
     D:5: 937 daAuts
     D:4: 879 daAuts
     D:7: 870 daAuts
     D:6: 792 daAuts
     D:1: 772 daAuts
     D:3: 709 daAuts
 Ossuary: 646 daAuts
  Lair:2: 381 daAuts
  Temple: 79 daAuts
  Bailey: 65 daAuts
